 Dungeon Crawl Stone Soup version 0.28-a0-407-g69098e2f6d (webtiles) character file.

Game seed: 17652714973346695473

105 rogsnak the Digger (level 4, -5/32 HPs)
             Began as a Demonspawn Earth Elementalist on Sept 6, 2021.
             Slain by a gnoll (6 damage)
             ... on level 2 of the Dungeon.
             The game lasted 00:05:33 (3469 turns).

rogsnak the Digger (Demonspawn Earth Elementalist)  Turns: 3469, Time: 00:05:33

Health: -5/32      AC:  3    Str:  9    XL:     4   Next: 53%
Magic:  6/7        EV: 12    Int: 17    God:
Gold:   27         SH:  0    Dex: 13    Spells: 4/8 levels left

rFire   . . .      SeeInvis .   k - staff of air
rCold   . . .      Faith    .   (no shield)
rNeg    . . .      Spirit   .   b - +0 robe
rPois   .          Reflect  .   (no helmet)
rElec   +          Harm     .   (no cloak)
rCorr   .          Rampage  .   (no gloves)
Will    .....                   i - +0 pair of boots
Stlth   ++........              (no amulet)
HPRegen 0.10/turn               (no ring)
MPRegen 0.10/turn               (no ring)

@: no status effects
A: claws 1, ignite blood 2
a: no special abilities


You were on level 2 of the Dungeon.
You visited 1 branch of the dungeon, and saw 3 of its levels.

You collected 27 gold pieces.

Inventory:

Hand Weapons
 d - a +0 club
 f - a +0 short sword
 n - a +0 long sword
Missiles
 c - 79 stones
Armour
 b - a +0 robe (worn)
 i - a +0 pair of boots (worn)
Magical Staves
 k - a staff of air (weapon)
Scrolls
 g - a scroll of summoning {unknown}
 h - a scroll of magic mapping {unknown}
 j - a scroll of vulnerability {unknown}
 m - 2 scrolls of identify {unknown}
Potions
 a - a potion of invisibility {unknown}
 e - 2 potions of mutation {unknown}
 l - a potion of heal wounds {unknown}


   Skills:
 + Level 1.3 Fighting
 + Level 2.5 Dodging
 - Level 1.7 Stealth
 + Level 2.5 Spellcasting
 * Level 0.9 Conjurations
 - Level 0.8 Transmutations
 + Level 3.6 Earth Magic


You had 4 spell levels left.
You knew the following spells:

 Your Spells              Type           Power      Damage    Failure   Level
a - Sandblast             Erth           28%        2d8       4%          1
b - Stone Arrow           Conj/Erth      18%        3d8       22%         3

Your spell library contained the following spells:

 Spells                   Type           Power      Damage    Failure   Level
 Passwall                 Tmut/Erth      7%         N/A       11%         2
 Petrify                  Tmut/Erth      9%         N/A       58%         4


Dungeon Overview and Level Annotations

Branches:
Dungeon (3/15)

Altars:

Shops:
D:1 *


Innate Abilities, Weirdness & Mutations

You have sharp fingernails.
Your demonic aura often causes spilled blood to erupt in flames.


Message History

You start resting.
Magic restored.
You start resting.
HP restored.
Found 20 sling bullets.
You stumble into a teleport trap!
You are suddenly yanked towards some nearby monsters!
Your surroundings suddenly seem different. 4 gnolls and a dart slug come into view.
A gnoll is wielding a +0 vorpal spear.
Found a stone staircase leading up.
The gnoll shouts! x4
The gnoll barely misses you. The gnoll misses you.
The gnoll hits you with a +0 flail! The dart slug completely misses you.
Unknown command.
The gnoll completely misses you. The gnoll barely misses you.
The gnoll barely misses you. x2
There is a stone staircase leading up here.
The gnoll hits you from afar with a +0 halberd!
The gnoll hits you from afar with a +0 vorpal spear!
* * * LOW HITPOINT WARNING * * *
x2 The gnoll closely misses you.
You climb upwards.
There is a stone staircase leading down here.
Unknown command.
Casting: Sandblast (safe; 4% risk of failure)
Confirm with . or Enter, or press ? or * to list all spells.
The spell is quite dangerous to cast (22% risk of failure)!
Continue anyway?
Okay, then.
Casting: Stone Arrow (quite dangerous; 22% risk of failure)
Confirm with . or Enter, or press ? or * to list all spells.
Aiming: Sandblast (safe; 4% risk of failure)
Press: ? - help, Shift-Dir - straight line, f - gnoll
Aim: a gnoll, wielding a +0 club (82% to hit)
The blast of sand hits the gnoll.
The gnoll is moderately wounded.
The gnoll hits you with a +0 club.
* * * LOW HITPOINT WARNING * * *
The gnoll hits you with a +0 flail.
You die...

#.............###
#.........
#....#......รท.#
#.........
#....#........#
##########
#######.......#
#.......#
#.......#
#.....<.#
#.....g.#
#(....g@#
#########


You could see 2 gnolls.

Vanquished Creatures
  A water moccasin skeleton (D:3)
  4 ball pythons
  9 endoplasms
  3 giant cockroaches
  6 goblins
  9 hobgoblins
  2 quokkas
  5 bats
  A frilled lizard (D:1)
  3 kobolds (D:1)
  3 rats (D:1)
46 creatures vanquished.

Vanquished Creatures (others)
  4 fungi (D:1)
4 creatures vanquished.

Grand Total: 50 creatures vanquished

Notes
Turn   | Place    | Note
-------+----------+-------------------------------------------
     0 | D:1      | rogsnak the Demonspawn Earth Elementalist began the quest
                  | for the Orb.
     0 | D:1      | Reached XP level 1. HP: 13/13 MP: 3/3
   867 | D:1      | Gained mutation: Your demonic aura sometimes causes spilled
                  | blood to erupt in flames. [demonic ancestry]
   867 | D:1      | Reached XP level 2. HP: 5/19 MP: 1/5
  1101 | D:1      | Reached skill level 3 in Earth Magic
  1212 | D:1      | Found a faded altar of an unknown god.
  1740 | D:1      | Found Kuxonku's General Store.
  1941 | D:2      | Gained mutation: You have sharp fingernails. [demonic
                  | ancestry]
  1941 | D:2      | Reached XP level 3. HP: 25/25 MP: 6/6
  2126 | D:2      | Learned a level 3 spell: Stone Arrow
  3364 | D:3      | Reached skill level 1 in Fighting
  3364 | D:3      | Gained mutation: Your demonic aura often causes spilled
                  | blood to erupt in flames. [demonic ancestry]
  3364 | D:3      | Reached XP level 4. HP: 23/32 MP: 1/7
  3469 | D:2      | HP: 1/32 [gnoll (5)]
  3469 | D:2      | Slain by a gnoll

Illustrated notes

Levels and vault maps discovered:
D:1:      dpeg_arrival_windows_large_door, layout_basic, serial_shops,
          nicolae_shop_crystal, dreamdust_ecumenical_altar_grove
D:2:      layout_rooms, kennysheep_cross_room, st_stairs_13
D:3:      layout_rooms

Skill      XL: |  1  2  3 |
---------------+----------+-----
Dodging        | 2 |  2.5
Earth Magic    | 3 |  3.6
Fighting       | 1 |  1.3
Stealth        | |  1.7
Spellcasting   | |  2.5
Conjurations   | |  0.9
Transmutations | |  0.8

Action                   |  1- 3 |  4- 6 || total
-------------------------+-------+-------++-------
Melee: Unarmed           |    25 |       ||    25
       Club              |    19 |       ||    19
       Short sword       |    93 |       ||    93
       Staff             |    36 |       ||    36
 Cast: Sandblast         |    21 |     1 ||    22
 Stab: Sleeping          |     5 |       ||     5
Armor: Robe              |    34 |       ||    34
Dodge: Dodged            |   113 |     8 ||   121

Table legend: (Time is in decaauts)
 A = Elapsed time spent in this place.
 B = Non-inter-level travel time spent in this place.
 C = Inter-level travel time spent in this place.
 D = Time resting spent in this place.
 E = Time spent auto-exploring this place.
 F = Levels seen in this place.
 G = Mean time per level.
                   A        B        C        D        E       F      G
               +--------+--------+--------+--------+--------+-----+--------+
         Total |   3489 |   3431 |     58 |    891 |   1945 |   3 | 1163.0 |
       Dungeon |   3489 |   3431 |     58 |    891 |   1945 |   3 | 1163.0 |
               +--------+--------+--------+--------+--------+-----+--------+

Top non-repeatable levels by time:
     D:1: 1945 daAuts
     D:2: 1382 daAuts
     D:3: 162 daAuts
